Cogmind - Beta 9.6 @@@ ROGUE MODE // 2020.06.13 @ 13:30:27 Player: pointone Result: Destroyed by G-50 Soldier with Heavy Laser Performance ------------- Evolutions (1) 500 Regions Visited (5) 1000 Robots Destroyed (23) 115 Value Destroyed (528) 528 Prototype IDs (22) 440 Alien Tech Used (0) 0 Bonus (514) 514 TOTAL SCORE: 3097 Bonus ------- Pacifist 200 Follower Combat Kills 14 Aligned with FarCom 300 Cogmind --------- Core Integrity 0/400 Matter 300/300 Energy 99/100 System Corruption 0% Temperature Cool (9) Movement Core (100) Ox1 Location -8/Mines Parts ------- > --- POWER (1) -------- (None) > --- PROPULSION (3) --- (None) > --- UTILITY (3) ------ Lightpack 2.0 > --- WEAPON (2) ------- (None) > --- INVENTORY (24) --- Reinforced Deuterium Engine Light Angular Momentum Engine Improved Heat Sink Large Storage Unit Compact Matter Pod (13) Signal Generator Peak State ------------ > --- POWER ------------ Improved Ion Engine > --- PROPULSION ------- Aluminum Leg Aluminum Leg Carbon-fiber Leg > --- UTILITY ---------- Large Storage Unit Lightpack 2.0 > --- WEAPON ----------- Improved Light Cannon Improved Light Cannon > --- INVENTORY -------- Reinforced Deuterium Engine Light Angular Momentum Engine Improved Heat Sink Compact Matter Pod Tractor Beam Light Cannon Light Cannon Signal Generator [Rating: 34] Favorites ----------- Power Improved Ion Engine Engine Improved Ion Engine Propulsion Aluminum Leg Leg Aluminum Leg Utility Tractor Beam Device Tractor Beam Storage Small Storage Unit Weapon Improved Light Cannon Energy Gun Small Laser Ballistic Gun Assault Rifle Ballistic Cannon Improved Light Cannon Build | -11 -10 -9 -9 -9 -8 ------- Run | Scr Mat Mat Min Exi Min Slots Evolved 2 | . . 2 . . . Power . | . . . . . . Propulsion 1 | . . 1 . . . Utility 1 | . . 1 . . . Weapon . | . . . . . . Parts Attached 26 | 6 3 10 2 3 2 Power 5 | 1 . 4 . . . Engine 5 | 1 . 4 . . . Core . | . . . . . . Reactor . | . . . . . . Propulsion 5 | 2 . 2 1 . . Treads . | . . . . . . Leg 5 | 2 . 2 1 . . Wheel . | . . . . . . Hover . | . . . . . . Flight . | . . . . . . Utility 8 | 1 1 2 1 3 . Device 5 | . 1 2 1 1 . Storage 3 | 1 . . . 2 . Processor . | . . . . . . Hackware . | . . . . . . Protection . | . . . . . . Artifact . | . . . . . . Weapon 8 | 2 2 2 . . 2 Energy Gun 1 | 1 . . . . . Energy Cannon . | . . . . . . Ballistic Gun 1 | 1 . . . . . Ballistic Cannon 6 | . 2 2 . . 2 Launcher . | . . . . . . Special Weapon . | . . . . . . Impact Weapon . | . . . . . . Slashing Weapon . | . . . . . . Piercing Weapon . | . . . . . . Special Melee Weapon . | . . . . . . Unidentified Prototypes . | . . . . . . Parts Lost 14 | . . 5 . . 9 Power 3 | . . 2 . . 1 Propulsion 5 | . . 2 . . 3 Utility 2 | . . 1 . . 1 Weapon 4 | . . . . . 4 Highest Loss Streak 8 | . . 5 . . 8 Average Slot Usage (%) 88 | . 94 85 93 97 65 Engine 10 | . 14 11 11 11 7 Leg 27 | . 28 22 26 33 23 Device 18 | . 9 19 22 19 6 Storage 11 | . 14 11 11 11 11 Ballistic Cannon 21 | . 22 22 22 22 17 Naked Turns . | . . . . . . Heaviest Build 33 | 10 14 21 21 33 21 Greatest Support 35 | 20 20 20 35 35 35 Greatest Overweight (x) 3 | 3 . 1 1 . 2 Average Overweight (x) . | . . . . . . Largest Inventory Capacity 30 | 6 6 6 6 30 24 Average Capacity 10 | 5 6 6 6 11 24 Most Carried 8 | 2 4 6 6 8 8 Average Carried 5 | 1 3 5 5 6 7 Final Capacity 24 | 6 6 6 6 24 24 Final Carried 8 | 2 4 6 6 8 6 Class Distribution -------------------- 44% | Mutant 35% | Scavenger-Mutant 19% | Hauler-Mutant Dominant Class ---------------- Mutant | -10/Materials Mutant | -9/Materials Mutant | -9/Mines Scavenger-Mutant | -9/Exiles Hauler-Mutant | -8/Mines Resources | -11 -10 -9 -9 -9 -8 ----------- Run | Scr Mat Mat Min Exi Min Matter Collected 993 | 242 . 276 357 . 118 Remotely 493 | . . 249 207 . 37 Salvage Created 399 | . . 314 4 . 81 Parts 33 | . . 28 1 . 4 Haulers Intercepted . | . . . . . . Recyclers Shooed . | . . . . . . Parts Field Recycled . | . . . . . . Retrieved Matter . | . . . . . . Parts Self-Destructed . | . . . . . . Prevented . | . . . . . . Kills | -11 -10 -9 -9 -9 -8 ------- Run | Scr Mat Mat Min Exi Min Combat Hostiles Destroyed 21 | . . 16 3 . 2 Cannons 21 | . . 16 3 . 2 Classes Destroyed 5 | . . 5 . . . Worker 1 | . . 1 . . . Operator 1 | . . 1 . . . Swarmer 11 | . . 8 3 . . Grunt 8 | . . 6 . . 2 Sentry 2 | . . 2 . . . Best Kill Streak 4 | . . 4 2 . 2 Combat Bots Only 4 | . . 4 2 . 2 Max Kills in Single Turn 2 | . . 2 1 . 1 Gunslinging . | . . . . . . Exploded . | . . . . . . Melee . | . . . . . . Uniques/NPCs Destroyed . | . . . . . . Combat | -11 -10 -9 -9 -9 -8 -------- Run | Scr Mat Mat Min Exi Min Damage Taken 1967 | . . 842 123 . 1002 Core 404 | . . 171 17 . 216 Absorbed by Shields . | . . . . . . Core Remaining (%) 100 | 100 100 . . . . Volleys Fired 76 | . . 54 10 . 12 Largest 2 | . . 2 2 . 2 Hottest 78 | . . 78 78 . 78 Shots Fired 151 | . . 108 20 . 23 Gun . | . . . . . . Cannon 151 | . . 108 20 . 23 Launcher . | . . . . . . Special . | . . . . . . Kinetic 151 | . . 108 20 . 23 Thermal . | . . . . . . Explosive . | . . . . . . Electromagnetic . | . . . . . . Robot Hit Streak 8 | . . 8 5 . 8 Robot Miss Streak 4 | . . 4 2 . 1 Penetration Max . | . . . . . . Secondary Targets . | . . . . . . Shots Hit Robots 81 | . . 51 12 . 18 Core Hits 29 | . . 20 3 . 6 Critical Hits 3 | . . 3 . . . Critical Kills 2 | . . 2 . . . Critical Parts Destroyed 1 | . . 1 . . . Melee Attacks . | . . . . . . Impact . | . . . . . . Slashing . | . . . . . . Piercing . | . . . . . . Sneak Attacks . | . . . . . . Combat Hostiles . | . . . . . . Follow-up Attacks . | . . . . . . Damage Inflicted 1582 | . . 1086 181 . 315 Guns . | . . . . . . Cannons 1572 | . . 1086 181 . 305 Explosions . | . . . . . . Melee . | . . . . . . Ramming 10 | . . . . . 10 Kinetic 1572 | . . 1086 181 . 305 Thermal . | . . . . . . Explosive . | . . . . . . Electromagnetic . | . . . . . . Impact . | . . . . . . Slashing . | . . . . . . Piercing . | . . . . . . Highest Corruption . | . . . . . . Average Corruption . | . . . . . . Corruption Purged . | . . . . . . Overload Shots . | . . . . . . Overflow Damage 45 | . . 33 12 . . Projectiles 45 | . . 33 12 . . Explosions . | . . . . . . Melee . | . . . . . . Knockbacks 13 | . . 8 5 . . Impact . | . . . . . . Kinetic 12 | . . 8 4 . . Secondary 1 | . . . 1 . . Self-Inflicted Damage 4 | . . . . . 4 Shots . | . . . . . . Rammed 4 | . . . . . 4 Targets Rammed 4 | . . . . . 4 Kicked . | . . . . . . Crushed . | . . . . . . Highest Temperature 173 | . . 3 . . 173 Average Temperature 102 | . . 3 . . 104 Received Heat Transfer 738 | . . 207 . . 531 Siege Activations . | . . . . . . Robots Corrupted . | . . . . . . Combat Hostiles . | . . . . . . Parts Fried . | . . . . . . Impact Corruptions . | . . . . . . Robots Melted . | . . . . . . Combat Hostiles . | . . . . . . Parts Melted . | . . . . . . Heat Transferred . | . . . . . . Parts Sabotaged . | . . . . . . Parts Stolen . | . . . . . . Parts Stripped . | . . . . . . Power Chain Reactions . | . . . . . . Missiles Intercepted . | . . . . . . Alert | -11 -10 -9 -9 -9 -8 ------- Run | Scr Mat Mat Min Exi Min Peak Influence 382 | . . 382 75 . 30 Average Influence 64 | . . 181 35 . 1 Maximum Alert Level 1 | . . 1 . . . Low Security (%) 87 | 100 100 53 100 . 100 Level 1 12 | . . 46 . . . Level 2 . | . . . . . . Level 3 . | . . . . . . Level 4 . | . . . . . . Level 5 . | . . . . . . High Security . | . . . . . . Max Security . | . . . . . . Squads Dispatched 2 | . . 2 . . . Investigation 1 | . . 1 . . . Extermination . | . . . . . . Reinforcement 1 | . . 1 . . . Assault . | . . . . . . Garrison . | . . . . . . Intercept . | . . . . . . Construction Impeded . | . . . . . . Haulers Reinforced . | . . . . . . Stealth | -11 -10 -9 -9 -9 -8 --------- Run | Scr Mat Mat Min Exi Min Distress Signals . | . . . . . . Communications Jammed . | . . . . . . Distress Signals . | . . . . . . Times Spotted 45 | . . 23 8 . 14 Peak Tracking Total 7 | . . 6 4 . 7 Tactical Retreats 6 | . . 4 . . 2 Traps | -11 -10 -9 -9 -9 -8 ------- Run | Scr Mat Mat Min Exi Min Traps Triggered . | . . . . . . Indirectly . | . . . . . . Trap Hack Attempts . | . . . . . . Triggered . | . . . . . . Disarmed . | . . . . . . Reprogrammed . | . . . . . . Reused . | . . . . . . Traps Extracted . | . . . . . . Installed . | . . . . . . Triggered . | . . . . . . Machines | -11 -10 -9 -9 -9 -8 ---------- Run | Scr Mat Mat Min Exi Min Machines Disabled . | . . . . . . Max in Single Turn . | . . . . . . Machines Sabotaged . | . . . . . . Garrisons Compromised . | . . . . . . Overloaded Fab Kills . | . . . . . . Fab Network Shutdowns . | . . . . . . Hacking | -11 -10 -9 -9 -9 -8 --------- Run | Scr Mat Mat Min Exi Min Machines Accessed 8 | . . 3 . 5 . Terminals 3 | . . 3 . . . Fabricators . | . . . . . . Repair Stations . | . . . . . . Recycling Units . | . . . . . . Scanalyzers . | . . . . . . Garrison Access . | . . . . . . Total Hacks 58 | . . 9 . 49 . Successful 56 | . . 7 . 49 . Failed 2 | . . 2 . . . Catastrophic . | . . . . . . Database Lockouts . | . . . . . . Manual 10 | . . 9 . 1 . Terminals 9 | . . 9 . . . Fabricators . | . . . . . . Repair Stations . | . . . . . . Recycling Units . | . . . . . . Scanalyzers . | . . . . . . Garrison Access . | . . . . . . Terminal Hacks 51 | . . 2 . 49 . Record 48 | . . . . 48 . Branch Access Points 1 | . . 1 . . . Unreport Threat 1 | . . 1 . . . EX-Prototype ID Bank 1 | . . . . 1 . Fabricator Hacks . | . . . . . . Repair Station Hacks . | . . . . . . Recycling Unit Hacks . | . . . . . . Scanalyzer . | . . . . . . Garrison Access Hacks . | . . . . . . Unauthorized Hacks 5 | . . 5 . . . Terminals 5 | . . 5 . . . Track 3 | . . 3 . . . Botnet 2 | . . 2 . . . Fabricators . | . . . . . . Repair Stations . | . . . . . . Recycling Units . | . . . . . . Scanalyzers . | . . . . . . Garrison Access . | . . . . . . Data Cores Recovered 1 | . . 1 . . . Used 1 | . . 1 . . . Hacking Detections 2 | . . 2 . . . Full Trace Events 1 | . . 1 . . . Feedback Events . | . . . . . . Feedback Blocked . | . . . . . . Robot Schematics Acquired . | . . . . . . Robots Built . | . . . . . . Matter . | . . . . . . Time . | . . . . . . Total Robot Build Rating . | . . . . . . Part Schematics Acquired . | . . . . . . Parts Built . | . . . . . . Matter . | . . . . . . Time . | . . . . . . Total Part Build Rating . | . . . . . . Parts Repaired . | . . . . . . Time . | . . . . . . Parts Recycled . | . . . . . . Recycled Matter . | . . . . . . Retrieved Matter . | . . . . . . Retrieved Components . | . . . . . . Parts Scanalyzed . | . . . . . . Part Schematics Acquired . | . . . . . . Parts Damaged . | . . . . . . Bothacking | -11 -10 -9 -9 -9 -8 ------------ Run | Scr Mat Mat Min Exi Min Used RIF Installer . | . . . . . . Robots Hacked . | . . . . . . Non-combat . | . . . . . . Combat . | . . . . . . Robot Hacks Applied . | . . . . . . Relay Couplers Released . | . . . . . . Robots Rewired . | . . . . . . Allies Hacked . | . . . . . . Hacks Repelled . | . . . . . . Allies | -11 -10 -9 -9 -9 -8 -------- Run | Scr Mat Mat Min Exi Min Total Allies 2 | . . . 2 . . Largest Group 2 | . . . 2 . . Highest-Rated Group 53 | . . . 53 . . Highest-Rated Ally 31 | . . . 31 . . Total Orders . | . . . . . . Ally Attacks 10 | . . . 10 . . Total Damage 108 | . . . 108 . . Kills 2 | . . . 2 . . Allies Corrupted . | . . . . . . Allies Melted . | . . . . . . Intel | -11 -10 -9 -9 -9 -8 ------- Run | Scr Mat Mat Min Exi Min Robot Analysis Total . | . . . . . . Derelict Logs Recovered 2 | . . . 2 . . Drone Launches . | . . . . . . Drone Recoveries . | . . . . . . Exploration | -11 -10 -9 -9 -9 -8 ------------- Run | Scr Mat Mat Min Exi Min Turns Passed 2383 | 66 95 464 741 663 354 Spaces Moved 1602 | 43 70 205 487 547 250 Core 87 | 22 . . . . 65 Treads . | . . . . . . Legs 1515 | 21 70 205 487 547 185 Wheels . | . . . . . . Hover . | . . . . . . Flight . | . . . . . . Fastest Speed 50 | 50 120 120 120 120 100 Average Speed 126 | 130 120 132 135 120 119 Slowest Speed 200 | 200 120 150 150 120 150 Overloaded Moves . | . . . . . . Propulsion Burnouts . | . . . . . . Robots Hopped . | . . . . . . Cave-ins Triggered . | . . . . . . Exploration Rate (%) 50 | 4 19 25 99 93 65 Regions Visited 5 Branch Regions 3 Pre-discovered Areas 1 | . . . . 1 . Known Exits Taken 1 | . . 1 . . . Unknown Exits Taken 4 | 1 1 . 1 1 . Scrap Searched 2 | . . . 1 . 1 Spaces Dug 1 | . . 1 . . . Terrain Destroyed 9 | . . 6 3 . . Melee . | . . . . . . Projectile 9 | . . 6 3 . . AOE . | . . . . . . Actions | -11 -10 -9 -9 -9 -8 --------- Run | Scr Mat Mat Min Exi Min Total 1801 | 50 82 286 547 555 281 Wait 74 | . 2 17 42 . 13 Move 1597 | 42 69 204 486 546 250 Hop . | . . . . . . Pick Up 10 | 2 3 1 3 1 . Fast Attach 14 | 6 3 3 1 1 . Attach 6 | . . 3 . 1 2 Detach 5 | . 2 . . 3 . Swap 6 | . . 4 1 1 . Drop 9 | . 3 . 4 2 . Fire 76 | . . 54 10 . 12 Melee . | . . . . . . Ram 2 | . . . . . 2 Kick 2 | . . . . . 2 Crush . | . . . . . . Escape Stasis . | . . . . . . Rewire . | . . . . . . Trap . | . . . . . . Miscellaneous . | . . . . . . Route ------- -11/Scrapyard -10/Materials -9/Materials (discovered 2 exits: *Min x2) -9/Mines (discovered 3 exits: [*Mat x2] / *Exi) -9/Exiles (discovered 2 exits: [*Min x2]) -8/Mines History --------- Turn | Location | Event 20 | -11/Scrapyard | Discovered new exit (range 16) 67 | -11/Scrapyard | Entered Materials 151 | -10/Materials | Discovered new exit (range 10) 162 | -10/Materials | Entered another Materials area 162 | -9/Materials | Evolved 2 slots: Propulsion x1, Utility x1 195 | -9/Materials | Identified exit to Mines 307 | -9/Materials | Build established: Mutant 411 | -9/Materials | Lost 5 parts (2p2n1u) 626 | -9/Materials | Entered Mines 694 | -9/Mines | Learned Materials emergency access door positions 697 | -9/Mines | Discovered new exit (range 6) 698 | -9/Mines | Met a Derelict testing a Signal Generator 710 | -9/Mines | Found Signal Generator 805 | -9/Mines | Learned 4 Materials zone layouts 1003 | -9/Mines | Received a Rocket Launcher from a helpful Derelict 1156 | -9/Mines | Discovered new exit (range 11) 1361 | -9/Mines | Deemed a non-threat by the Exiles lab entrance 1362 | -9/Mines | Discovered new exit (range 5) 1367 | -9/Mines | Entered Exiles 1374 | -9/Exiles | Build established: Scavenger-Mutant 1387 | -9/Exiles | Discovered new exit (range 15) 1401 | -9/Exiles | Met 8R-AWN 1418 | -9/Exiles | Met EX-HEX 1486 | -9/Exiles | Met EX-DEC 1508 | -9/Exiles | Visited The Gauntlet 1661 | -9/Exiles | Learned location of Zion (-7) 1703 | -9/Exiles | Discovered new exit (range 10) 1789 | -9/Exiles | Met EX-BIN 1873 | -9/Exiles | Aligned with FarCom system 1874 | -9/Exiles | Given EX-Vault access code 1902 | -9/Exiles | Opened EX-Vault 1909 | -9/Exiles | Found Lightpack 2.0 1936 | -9/Exiles | Warned to stay clear of 0b10 Research branches 2030 | -9/Exiles | Left Exiles lab with Lightpack 2.0 2030 | -9/Exiles | Entered Mines 2217 | -8/Mines | Build established: Hauler-Mutant 2248 | -8/Mines | Core integrity fell below 50% 2311 | -8/Mines | Core integrity fell below 20% 2336 | -8/Mines | Lost 8 parts (1p3n1u3w) 2384 | -8/Mines | Destroyed by G-50 Soldier with Heavy Laser Last Messages --------------- Imp. Light Cannon destroyed. G-47 Trooper destroyed. Aluminum Leg destroyed. G-47 Trooper destroyed. Aluminum Leg destroyed. Imp. Ion Engine destroyed. Imp. Light Cannon destroyed. Lgt. Cannon destroyed. Slammed into G-50 Soldier. Destabilizing: Core damaged (-8). Acquired 43 matter. Acquired 38 matter. Carbon-fiber Leg destroyed. U-05 Engineer lays Concrete. Slammed into U-05 Engineer. Lgt. Cannon permanently disabled. Destabilizing: Short circuit. Slammed into U-05 Engineer. K-01 Serf collects debris. Broken Lgt. Cannon destroyed. Map ----- +----------------------------------------------------+ | | | | | | | | | | | | | | | | | | | | | | | | | ?????????????????????????????????????????????????? | | ????????????????????????????????????#####????????? | | ???????????????????????????????????? ##???????? | | ???????????????????????????????????? #####???? | | ???????????????????????????????????? #???? | | ???????????????????????????????????? ????? | | ????????????????????????????????????# ????? | | ???????????????????????????????????## ??????? | | ??????????????????????????????????## #???????? | | ?????????????????????????????????## #????????? | | ???????????????#############?????# #????????? | | ???????????????# ####### #????????? | | ???????????????# gggg ##???????? | | ???????????????# """ """@ gg ####????? | | ???????????????# """ """ ######g #????? | | ???????????????# """ """ #### ## #????? | | ???????????????############## ##### #??### | | ??????????????????????????## ##??## ##### | | ??????????????????????????# #??## | | ??????????????????????????# ## #?# | | ??????????????????????????# #?## ## ### ## | | ??????????????????????????# #?## ## ##?# #### | | ??????????????????????????# ## #### ##??# #??# | | ???????????????????????? ## g ##??##????# #??? | | ??????????????????????? gl #?????????# #??? | | ???????????????????????? #?????????# #??? | | ??????????????????????? #????????# #??# | | ??????????????????????? ???###### #### | | ??????????????????????? #### | | ????????????????????????????# " | | ?????????????????????????????# " | | ?????????????????????????????## ## ##### ## " | | ??????????????????????????????####?# #???####### " | | ???????????????????????????????????# #?????????# | | ???????????????????????????????????# #?????????## | | ???????????????????????????????????# #??????????## | | ???????????????????????????????????# #???????????# | | ???????????????????????????????????# #???????????# | +----------------------------------------------------+ Best States ------------- Heat Dissipation 42 Energy Generation 12 Energy Capacity 265 Matter Stores 300 Matter Capacity 300 Sight Range 16 Terrain Scan Density 10 Evasion (%) 40 Item Schematics ----------------- None Robot Schematics ------------------ None Fabricated ------------ Nothing Alien Tech Used ----------------- None Achievements -------------- root@ Challenges ------------ None Game ------ Seed NeutrinoTerrainThruster Manual? 0 Play Time 00:25:15 Cumulative 21.8 hours Start 2020.06.13 @ 13:04:11 End 2020.06.13 @ 13:30:27 Sessions 1 Manual Loads 0 Difficulty Rogue Special Mode None Game No. 25 Rogue 25 Adventurer 0 Explorer 0 Win Type - Total 0 Types 0/0/0/0/0/0/0 Lore% 37 Gallery% 36 Achievement% 30 Wizard Run 0 Options --------- ASCII 0 Keyboard 1 Movement Vi Keybinds 0 Fullscreen 1 Font 18/SmallcapsGlow Map View 76x50 Tactical HUD 0 Map Filters NONE Filters NONE Steam 0 RUN: c18c8a1a-d8f0-4451-a830-31c14b2ca722